 Dungeon Crawl Stone Soup version 0.27.1-1-g398f81649c (webtiles) character file.

Game seed: 6852121650398215491

83 acemry the Changer (level 4, -1/28 HPs)
             Began as an Octopode Transmuter on Sept 9, 2021.
             Slain by an adder (3 damage)
             ... on level 2 of the Dungeon.
             The game lasted 00:02:43 (2927 turns).

acemry the Changer (Octopode Transmuter)            Turns: 2927, Time: 00:02:43

Health: -1/28      AC:  1    Str:  9    XL:     4   Next: 44%
Magic:  7/7        EV: 13    Int: 16    God:
Gold:   72         SH:  0    Dex: 12    Spells: 6/7 levels left

rFire    . . .     SeeInvis .   c - +0 short sword
rCold    . . .     Faith    .   (no shield)
rNeg     . . .     Spirit   .   (helmet restricted)
rPois    .         Reflect  .   (no amulet)
rElec    .         Harm     .   (no ring)
rCorr    .         Rampage  .   (no ring)
Will     .....                  (no ring)
Stlth    ++........             (no ring)
HPRegen  0.09/turn              (no ring)
MPRegen  0.10/turn              (no ring)
                                (no ring)
                                (no ring)

@: no status effects
A: almost no armour, amphibious, 8 rings, camouflage 1, gelatinous body 1,
(nimble swimmer 1), tentacles
a: no special abilities


You were on level 2 of the Dungeon.
You visited 1 branch of the dungeon, and saw 2 of its levels.

You collected 72 gold pieces.

Inventory:

Hand Weapons
 c - a +0 short sword (weapon)
Scrolls
 b - a scroll of noise {unknown}
 d - a scroll of teleportation {unknown}
 e - a scroll of identify {unknown}
Potions
 a - a potion of lignification
 f - a potion of haste {unknown}


   Skills:
 - Level 1.0 Fighting
 - Level 2.0 Dodging
 - Level 3.0 Unarmed Combat
 - Level 2.0 Spellcasting
 + Level 4.5 Transmutations


You had 6 spell levels left.
You knew the following spells:

 Your Spells              Type           Power      Damage    Failure   Level
a - Beastly Appendage     Tmut           32%        N/A       3%          1

Your spell library contained the following spells:

 Spells                   Type           Power      Damage    Failure   Level
 Wereblood                Tmut           16%        N/A       4%          2
 Spider Form              Tmut/Pois      4%         N/A       24%         3
 Ice Form                 Ice/Tmut       8%         N/A       63%         4
 Cause Fear               Hex            0%         N/A       90%         4
 Dragon Form              Tmut           8%         N/A       100%        7
 Dragon's Call            Summ           0%         N/A       100%        9


Dungeon Overview and Level Annotations

Branches:
Dungeon (2/15)

Altars:


Innate Abilities, Weirdness & Mutations

You cannot wear most types of armour.
You are amphibious.
You can wear up to eight rings at the same time.
Your skin changes colour to match your surroundings (Stealth+).
Your rubbery body absorbs attacks. (AC +1, EV +1)
((You are camouflaged near water. (Stealth+)))
You have tentacles for arms and can constrict up to eight enemies at once.


Message History

You are poisoned.
The adder poisons you!
You hit the adder but do no damage. Your grab misses the adder.
Your tentacle spike misses the adder.
The adder is lightly wounded.
You feel sick. The adder misses you.
You hit the adder. Your grab misses the adder. Your squeeze misses the adder.
The adder is moderately wounded.
You feel sick. The adder closely misses you. The adder misses you.
You completely miss the adder. Your grab misses the adder.
Your tentacle spike misses the adder.
The adder is moderately wounded.
You feel sick. The adder bites you.
You are more poisoned.
The adder poisons you!
You are too injured to fight recklessly!
You are too injured to fight recklessly!
You are too injured to fight recklessly!
You feel sick.
You feel sick. The adder bites you.
* * * LOW HITPOINT WARNING * * *
* * * LOW HITPOINT WARNING * * *
You feel sick.
You feel sick.
You feel sick. The adder closely misses you.
You closely miss the adder. Your grab misses the adder.
You squeeze the adder, but do no damage.
The adder is moderately wounded.
Your tentacle spike disappears.
You feel sick. The adder misses you.
You miss the adder. Your grab misses the adder.
The adder is moderately wounded.
You feel sick.
You are no longer poisoned.
The adder barely misses you.
You closely miss the adder. Your grab misses the adder.
Your squeeze misses the adder.
The adder is moderately wounded.
The adder bites you.
You die...

#####################
...........S@.......#
.........##########.#
.........##.#.###.#.#
..........##.#.....#.#
.###########.#.###.#.#
###.# #.......#.#
..#.# #.#.....#.#
#.#.# #.####.##.#
#.#.# #.........#


You could see an adder.

Vanquished Creatures
  3 adders (D:2)
  A worm (D:2)
  3 dart slugs
  An orc (D:2)
  3 endoplasms
  4 goblins
  5 hobgoblins
  3 quokkas
  8 ball pythons
  3 bats (D:1)
  2 frilled lizards
  7 kobolds
  5 rats (D:1)
48 creatures vanquished.

Notes
Turn   | Place    | Note
-------+----------+-------------------------------------------
     0 | D:1      | acemry the Octopode Transmuter began the quest for the Orb.
     0 | D:1      | Reached XP level 1. HP: 13/13 MP: 3/3
   123 | D:1      | Reached XP level 2. HP: 12/18 MP: 3/5
   307 | D:1      | Reached skill level 3 in Transmutations
   504 | D:1      | Reached XP level 3. HP: 22/23 MP: 6/6
  1384 | D:2      | Reached skill level 4 in Transmutations
  1387 | D:2      | HP: 1/34 [poisoned by an adder]
  1912 | D:2      | Reached XP level 4. HP: 21/28 MP: 5/7
  2288 | D:2      | Found a faded altar of an unknown god.
  2927 | D:2      | Slain by an adder

Illustrated notes

Levels and vault maps discovered:
D:1:      minmay_arrival_checkered_box, layout_loops_ring
D:2:      layout_basic, shapermc_ecumenical_altar_notcrosses, hex_medium

Skill      XL: |  1  2  3 |
---------------+----------+-----
Transmutations | 3 4 |  4.5
Fighting       | |  1.0
Dodging        | |  2.0
Unarmed Combat | |  3.0
Spellcasting   | |  2.0

Action                   |  1- 3 |  4- 6 || total
-------------------------+-------+-------++-------
Melee: Unarmed           |    11 |       ||    11
       Kick              |    20 |     8 ||    28
       Constrict         |    25 |     7 ||    32
       Tentacles         |    10 |     6 ||    16
       Short sword       |    66 |    37 ||   103
       Punch             |       |     1 ||     1
 Cast: Beastly Appendage |    23 |    12 ||    35
  Use: Potion            |     3 |       ||     3
 Stab: Sleeping          |     4 |     3 ||     7
Armor: Skin              |    10 |     1 ||    11
Dodge: Dodged            |    52 |    24 ||    76
